 Dungeon Crawl Stone Soup version 0.24.1-14-gf8d2b509d9 (webtiles) character file.

Game seed: 582335252270704499, levelgen mode: deterministic

39 Descartes the Charmwright (level 3, -2/16 HPs)
             Began as a Felid Skald on May 25, 2020.
             Slain by Edmund
             ... wielding a +2 flail of draining
              (11 damage)
             ... on level 4 of the Dungeon.
             The game lasted 00:06:10 (4432 turns).

Descartes the Charmwright (Felid Skald)             Turns: 4432, Time: 00:06:11

Health: -2/16      AC: -4    Str:  8    XL:     3   Next: 28%
Magic:  7/7        EV: 18    Int: 14    God:
Gold:   122        SH:  0    Dex: 15    Spells: 5/6 levels left
                                        Lives:  0   Deaths: 1

rFire    . . .     SeeInvis +     - Unarmed
rCold    . . .     Gourm    .   (shield unavailable)
rNeg     . . .     Faith    .   (armour unavailable)
rPois    +         Spirit   .   (helmet unavailable)
rElec    .         Reflect  .   (cloak unavailable)
rCorr    .         Harm     .   (gloves unavailable)
MR       .....                  (boots unavailable)
Stlth    ++........             (no amulet)
HPRegen  0.05/turn              e - -5 ring of protection (curse)
MPRegen  0.10/turn              h - ring of poison resistance

@: lightly drained, quick
A: very small, no armour, no weapons or thrown items, stealth, claws 1, fangs 3,
see invisible, carnivore, speed 1, shaggy fur 1, slow metabolism 1, sharp paws
a: no special abilities


You were on level 4 of the Dungeon.
You were not hungry.

You visited 1 branch of the dungeon, and saw 4 of its levels.

You collected 122 gold pieces.

Inventory:

Missiles
 f - 99 stones
 g - 78 arrows
Jewellery
 e - a cursed -5 ring of protection (left paw)
 h - a ring of poison resistance (right paw)
 n - an uncursed amulet of regeneration {unknown}
Scrolls
 o - a scroll of identify
Potions
 a - a potion of lignification
 c - 2 potions of curing {unknown}
 d - a potion of might {unknown}
 i - a potion of flight {unknown}
 j - a potion of heal wounds {unknown}
 k - a potion of agility {unknown}
 l - a potion of haste
 m - a potion of cancellation {unknown}
Comestibles
 b - 7 rations


   Skills:
 + Level 2.5(2.0) Fighting
 + Level 3.7(3.1) Dodging
 * Level 2.7(2.1) Stealth
 * Level 2.9(2.3) Unarmed Combat
 + Level 2.3(1.8) Spellcasting
 - Level 4.0(3.4) Charms


You had 5 spell levels left.
You knew the following spells:

 Your Spells              Type           Power        Failure   Level  Hunger
a - Infusion              Chrm           ##..         6%          1    ##.....

Your spell library contained the following spells:

 Spells                   Type           Power        Failure   Level  Hunger
 Song of Slaying          Chrm           ##......     9%          2    ###....
 Shroud of Golubria       Chrm/Tloc      #.....       19%         2    ###....
 Regeneration             Chrm/Necr      #.........   34%         3    ####...
 Spectral Weapon          Hex/Chrm       Unusable     N/A         3    N/A

Dungeon Overview and Level Annotations

Branches:
Dungeon (4/15)
 Temple: D:4-7

Altars:

Annotations:
D:3 Grinder
D:4 Edmund, Menkaure


Innate Abilities, Weirdness & Mutations

You cannot wear armour.
You are incapable of wielding weapons or throwing items.
Your paws allow you to move quietly. (Stealth)
You have sharp claws.
You have razor-sharp teeth.
You have supernaturally acute eyesight. (SInv)
You are carnivorous and can eat meat at any time.
You cover ground quickly.
You are covered in fur. (AC +1)
You have a slow metabolism.
Your sharp claws are effective at attacking unaware monsters.


Message History

You scratch Edmund.
Edmund is lightly wounded.
Edmund hits you with a +2 flail of draining!
You feel drained.
You scratch Edmund.
Edmund is lightly wounded.
Edmund completely misses you.
You scratch Edmund but do no damage.
Edmund is lightly wounded.
You scratch Edmund.
Edmund is lightly wounded.
Edmund closely misses you.
You closely miss Edmund.
Edmund is lightly wounded.
Edmund hits you but does no damage.
You feel drained.
You scratch Edmund but do no damage. Your bite misses Edmund.
Edmund is lightly wounded.
Edmund hits you with a +2 flail of draining!
Ouch! That really hurt!
You die...

### #.# #.###########
#....@@......
#.########### #.# #.#
#######.##########
.................
.................
#########.##.########
#.........#.....#


You could see Edmund.

Vanquished Creatures
  2 adders
  2 worms (D:2)
  3 dart slugs
  A leopard gecko (D:3)
  2 ball pythons
  6 bats
  5 giant cockroaches
  12 goblins
  6 hobgoblins
  7 kobolds
  A quokka (D:3)
  4 frilled lizards (D:1)
  4 rats
55 creatures vanquished.

Vanquished Creatures (others)
  A bat (D:2)
1 creature vanquished.

Grand Total: 56 creatures vanquished

Notes
Turn   | Place    | Note
-------+----------+-------------------------------------------
     0 | D:1      | Descartes the Felid Skald began the quest for the Orb.
     0 | D:1      | Reached XP level 1. HP: 9/9 MP: 4/4
   496 | D:1      | Reached skill level 1 in Stealth
   497 | D:1      | Reached XP level 2. HP: 10/13 MP: 0/6
  1293 | D:1      | Reached XP level 3. HP: 16/16 MP: 7/7
  2334 | D:2      | Reached skill level 4 in Charms
  3489 | D:3      | Noticed Grinder
  3598 | D:3      | Reached XP level 4. HP: 20/20 MP: 8/8
  4097 | D:3      | Paralysed by Grinder for 5 turns
  4277 | D:4      | Noticed Menkaure
  4330 | D:4      | Noticed a steam dragon
  4372 | D:4      | Killed from afar by a steam dragon
  4373 | D:4      | Reached XP level 3. HP: -16/16 MP: 7/7
  4420 | D:4      | Noticed Edmund
  4432 | D:4      | Slain by Edmund

Levels and vault maps discovered:
D:1:      lemuel_arrival_cross, layout_basic
D:2:      layout_basic, first_ration, lemuel_old_faithful
D:3:      layout_loops_ring, uniq_grinder
D:4:      layout_basic, minmay_temple_entry_junction, minmay_manual_mail,
          uniq_edmund, uniq_menkaure

Skill      XL: |  1  2  3 |
---------------+----------+-----
Stealth        | 1 2 |  2.7
Charms         | 4 |  4.0
Fighting       | |  2.5
Dodging        | |  3.7
Unarmed Combat | |  2.9
Spellcasting   | |  2.3

Action                   |  1- 3 |  4- 6 || total
-------------------------+-------+-------++-------
Melee: Unarmed           |   124 |    42 ||   166
       Bite              |    23 |     2 ||    25
       Punch             |     1 |     1 ||     2
 Cast: Infusion          |    10 |     1 ||    11
  Use: Scroll            |     3 |       ||     3
 Stab: Sleeping          |     9 |     2 ||    11
       Distracted        |     1 |       ||     1
  Eat: Chunk             |    13 |     1 ||    14
Armor: Skin              |     6 |       ||     6
Dodge: Dodged            |    86 |    28 ||   114
